[Event "Live Chess"]
[Site "Chess.com"]
[Date "2023.05.21"]
[Round "-"]
[White "EdenHazard8"]
[Black "hturner40"]
[Result "0-1"]
[WhiteElo "1936"]
[BlackElo "1790"]
[TimeControl "300"]
[EndTime "5:30:29 PDT"]
[Termination "hturner40 won by resignation"]

1. e4 Nc6 2. d4 e5 3. d5 Nce7 4. Nf3 Ng6 5. h4 h5 6. Bg5 Be7 7. c4 Nf6 8. Nc3 d6 9. Be2 Bg4 10. Qb3 b6 11. O-O-O Nd7 12. Bxe7 Kxe7 13. Nb5 Nc5 14.
Qe3 a5 15. Qg5+ Ke8 16. Qxd8+ Kxd8 17. Bd3 Nf4 18. Ng5 Nfxd3+ 19. Rxd3 Nxd3+ 20. Kd2 Nxf2 21. Rf1 Nxe4+ 22. Nxe4 f6 23. a4 Kd7 24. Ng3 Rhf8 25. Nf5 Bxf5 26. Rxf5 g6 27. Rf2 f5 28. Nc3 Rae8 29.
Ne2 f4 30. Nc3 e4 31. Re2 f3 32. gxf3 exf3 33. Rf2 Re5 34. b3 Ref5 35. Nd1 Rf4 36. Ke3 Rxh4 37. Rf1 g5 38. Nf2 g4 39. Ne4 Rh2 40. Rg1 Re2+ 41. Kd4 Rf4 0-1

[Event "Live Chess"]
[Site "Chess.com"]
[Date "2023.05.21"]
[Round "-"]
[White "mattihelenius2"]
[Black "Leonid_Starozhilov"]
[Result "0-1"]
[WhiteElo "491"]
[BlackElo "2633"]
[TimeControl "300"]
[EndTime "5:30:33 PDT"]
[Termination "Leonid_Starozhilov won by checkmate"]

1. d4 Nf6 2. c4 g6 3. Nf3 d6 4. d5 Bg7 5. Bg5 O-O 6. Nc3 e5 7. e4 a5 8. Bd3 Na6 9. O-O h6 10. Bxf6 Bxf6 11. Nb5 Bg7 12. b3 f5 13. g3 Nc5 14.
Nh4 fxe4 15. Be2 g5 16. Nf5 Bxf5 17. Rc1 Bh3 18. Re1 Qf6 19. Kh1 Qxf2 20. Rf1 Bg2# 0-1

[Event "Live Chess"]
[Site "Chess.com"]
[Date "2023.05.21"]
[Round "-"]
[White "friarnator"]
[Black "ViktorTheCoolBoy"]
[Result "0-1"]
[WhiteElo "2018"]
[BlackElo "2477"]
[TimeControl "300"]
[EndTime "5:30:54 PDT"]
[Termination "ViktorTheCoolBoy won on time"]

1. e4 c5 2. Nf3 Nc6 3. d4 cxd4 4. Nxd4 Nf6 5. Nc3 e5 6. Ndb5 d6 7. Nd5 Nxd5 8. exd5 Nb8 9. c4 Be7 10. Be2 O-O 11. O-O Nd7 12. Kh1 f5 13. f4 Bf6 14.
Nxd6 Nc5 15. Nb5 Ne4 16. Bf3 exf4 17. Bxf4 g5 18. Bxe4 fxe4 19. Bg3 Qe8 20. Nc7 Qg6 21. Nxa8 h5 22. Bd6 Rd8 23. c5 Bg4 24. Qb3 Rxa8 25.
Qxb7 Re8 26. c6 e3 27. Qb3 e2 28. Rfe1 h4 29. Bc5 h3 30. d6+ Kh8 31. d7 hxg2+ 32.
Kg1 Rg8 33. Rac1 Qe4 34. Qe3 Qxc6 35. Bd4 Qe6 36. Qxe6 Bxd4+ 37. Kxg2 Bxe6 38. Rxe2 Bxd7 39. Rd2 Be3 40. Rxd7 Bxc1 41. Rxa7 Bxb2 42. a4 Rg7 43. Rxg7 Kxg7 44. Kg3 Bf6 45. Kg4 Kf7 46. h3 Ke7 47. a5 Kd6 48. a6 Kc6 49. Kf5 Bd8 50. Ke6 Kb6 51. Kd7 Bf6 52. a7 Kxa7 53. Ke6 Bd8 54.
Kd7 Bb6 55. Ke6 Bf2 56. Kf5 Bh4 57. Kg4 Kb6 58. Kf3 Kb5 59. Kg4 Kc5 60. Kf3 Kd4 61.
Kg4 Ke3 62. Kh5 Kf2 0-1

[Event "Live Chess"]
[Site "Chess.com"]
[Date "2023.05.21"]
[Round "-"]
[White "JackRudd"]
[Black "wot-not"]
[Result "1-0"]
[WhiteElo "2486"]
[BlackElo "1536"]
[TimeControl "300"]
[EndTime "5:31:03 PDT"]
[Termination "JackRudd won by resignation"]

1. d4 Nf6 2. c4 g6 3. Nc3 d5 4.
Nf3 Bg7 5. Qb3 dxc4 6. Qxc4 O-O 7. e4 Bg4 8. Be3 Nbd7 9. Be2 Nb6 10. Qb3 c6 11. Rd1 Qc7 12. O-O Rad8 13. Qc2 Bxf3 14. Bxf3 e5 15. Ne2 Rfe8 16. dxe5 Qxe5 17. b3 Qe7 18. Bc5 Qc7 19. Ng3 Rxd1 20. Rxd1 Rd8 21. Rd2 h5 22. a4 Nc8 23. Qd1 Rxd2 24. Qxd2 b6 25. Be3 c5 26. Bf4 Qd7 27. Qxd7 Nxd7 28. Be2 Bd4 29. Bb5 Nf6 30. Bg5 Kg7 31. Kf1 Nd6 32. Bd3 Nd7 33. f4 f6 34. Bh4 Kh6 35. Ne2 g5 36. Bg3 g4 37. Be1 Nf8 38. Nxd4 cxd4 39.
Bb4 Nxe4 40. Bxf8+ Kg6 1-0

[Event "Live Chess"]
[Site "Chess.com"]
[Date "2023.05.21"]
[Round "-"]
[White "CrypticF1"]
[Black "PantherCal"]
[Result "0-1"]
[WhiteElo "446"]
[BlackElo "1775"]
[TimeControl "300"]
[EndTime "5:31:03 PDT"]
[Termination "PantherCal won by checkmate"]

1. e4 d5 2. exd5 Qxd5 3. Nc3 Qa5 4. Nf3 Nf6 5. Bd3 Bg4 6. O-O c6 7.
h3 Bh5 8. Bc4 e6 9. d4 Nbd7 10. g4 Nxg4 11. hxg4 Bxg4 12. Be2 Qh5 13. Kg2 Nf6 14. Rh1 Qa5 15. Bd2 Bd6 16. Nb1 Qc7 17.
Nc3 O-O-O 18. a3 h5 19. Ng5 Bf4 20. Bxf4 Qxf4 21. Bxg4 Nxg4 22. f3 Ne3+ 23. Kf2 Nxd1+ 24. Nxd1 Qxg5 25. Ne3 Rxd4 26. Rag1 Rd2+ 27. Kf1 Qxe3 28.
Rxg7 Qf2# 0-1

[Event "Live Chess"]
[Site "Chess.com"]
[Date "2023.05.21"]
[Round "-"]
[White "The_Straightforward_Rook"]
[Black "NotHarryV"]
[Result "1-0"]
[WhiteElo "1990"]
[BlackElo "1508"]
[TimeControl "300"]
[EndTime "5:31:04 PDT"]
[Termination "The_Straightforward_Rook won by resignation"]

1. e4 Nf6 2. Bc4 e6 3. e5 Nd5 4.
Nc3 Nxc3 5. dxc3 d5 6. Bd3 c5 7. Qg4 Nc6 8. Nf3 Qc7 9. Bf4 c4 10. Be2 Ne7 11. Nd4 Nc6 12. O-O Bd7 13. h4 h5 14. Qg3 Qd8 15. Rfd1 Qb6 16. b3 Nxd4 17. cxd4 cxb3 18. axb3 O-O-O 19. c4 dxc4 20. bxc4 Kb8 21. Be3 Be7 22. Rdb1 Qc7 23. d5 Bc5 24. d6 Qc6 25. Bf3 1-0

[Event "Live Chess"]
[Site "Chess.com"]
[Date "2023.05.21"]
[Round "-"]
[White "GMHarry-youtube"]
[Black "gmnorfolk"]
[Result "0-1"]
[WhiteElo "2032"]
[BlackElo "2129"]
[TimeControl "300"]
[EndTime "5:31:27 PDT"]
[Termination "gmnorfolk won by checkmate"]

1. e4 e5 2. Nf3 Nc6 3. Bc4 Nf6 4. d3 Bc5 5. c3 O-O 6. O-O d5 7.
exd5 Nxd5 8. Re1 Bg4 9. h3 Bh5 10. g4 Bg6 11. Nxe5 Nxe5 12. Rxe5 c6 13. d4 Bd6 14.
Re1 Qh4 15. Kg2 h5 16. Bxd5 cxd5 17. Nd2 hxg4 18. Qxg4 Qf6 19. Nf3 Be4 20. Bg5 Bxf3+ 21. Kg1 Bxg4 22. Bxf6 gxf6 23. hxg4 Rfe8 24. f3 Kf8 25. Kf2 Rxe1 26. Rxe1 Re8 27. Rh1 Kg7 28. Rh5 Rd8 29. Ke2 Bf8 30. Kd3 b5 31. b3 a5 32. f4 a4 33. b4 Be7 34. a3 Rd7 35. Rh1 Bd6 36. f5 Re7 37. Rf1 Bg3 38. g5 Bh4 39. gxf6+ Kxf6 40. Rh1 Bg5 41. Rf1 Re3+ 42. Kc2 Re2+ 43. Kb1 Rg2 44. Rf3 Re2 45. Rf1 Re4 46. Rh1 Re8 47. Rf1 Rh8 48. Re1 Bf4 49. Kc2 Rh2+ 50.
Kb1 Bd2 51. Re5 Bxc3 52. Rxd5 Rb2+ 53. Kc1 Rb3 54. Rxb5 Bxd4 55. Rd5 Bc3 56. b5 Bb2+ 57.
Kc2 Bxa3 58. Rd4 Rxb5 59. Rxa4 Bd6 60. Kd2 Rxf5 61. Ke2 Be5 62. Ra6+ Kg5 63. Ra4 f6 64. Ra8 Rf4 65. Rg8+ Kf5 66. Ke3 Ra4 67. Kf2 Ke4 68. Rg4+ Bf4 69. Rg6 Ra2+ 70. Kf1 f5 71. Re6+ Kf3 72.
Re1 Be3 73. Rb1 Rc2 74. Re1 Rc1 75. Rxc1 Bxc1 76. Kg1 Ke2 77. Kh1 f4 78. Kg1 f3 79. Kh1 f2 80. Kh2 Ba3 81. Kg3 f1=Q 82. Kg4 Qf3+ 83. Kg5 Ke3 84. Kg6 Ke4 85. Kg7 Ke5 86. Kg8 Kf6 87. Kh7 Qh5+ 88. Kg8 Qf7+ 89. Kh8 Qg7# 0-1

[Event "Live Chess"]
[Site "Chess.com"]
[Date "2023.05.21"]
[Round "-"]
[White "yarek"]
[Black "MJMykh"]
[Result "1-0"]
[WhiteElo "1868"]
[BlackElo "1173"]
[TimeControl "300"]
[EndTime "5:31:33 PDT"]
[Termination "yarek won by resignation"]

1. e4 e5 2. Nf3 Nc6 3. Bc4 Bc5 4. c3 h6 5. d4 exd4 6. cxd4 Bb4+ 7. Bd2 Bxd2+ 8.
Nbxd2 Nf6 9. e5 Ng8 10. d5 Na5 11. O-O Nxc4 12. Nxc4 Ne7 13. d6 cxd6 14. Nxd6+ Kf8 15.
Qb3 Kg8 16. Qxf7+ Kh7 17. Qh5 g6 18. Qh3 Nf5 19. Nf7 1-0

[Event "Live Chess"]
[Site "Chess.com"]
[Date "2023.05.21"]
[Round "-"]
[White "BillythekidFellowes"]
[Black "Long1968"]
[Result "1-0"]
[WhiteElo "2071"]
[BlackElo "954"]
[TimeControl "300"]
[EndTime "5:31:35 PDT"]
[Termination "BillythekidFellowes won on time"]

1. e4 e6 2. Nf3 d5 3. exd5 exd5 4.
d4 Nf6 5. Nc3 Bg4 6. Bf4 Qd7 7.
Bd3 Bb4 8. O-O Bxc3 9. bxc3 O-O 10. h3 Be6 11. Ne5 Qd8 12. Bg5 h6 13. Bh4 g5 14.
Bg3 Ne4 15. Bxe4 dxe4 16. Qh5 Kg7 17. f4 Nd7 18. f5 Nf6 19. Qe2 Bd5 20. Ng4 Re8 21. Be5 1-0

[Event "Live Chess"]
[Site "Chess.com"]
[Date "2023.05.21"]
[Round "-"]
[White "MarkLim1"]
[Black "tpm07"]
[Result "0-1"]
[WhiteElo "1704"]
[BlackElo "1945"]
[TimeControl "300"]
[EndTime "5:31:39 PDT"]
[Termination "tpm07 won by resignation"]

1. d4 Nf6 2. Nf3 e6 3. e3 c5 4. Bd3 b6 5. c4 Bb7 6. Nc3 cxd4 7.
exd4 d5 8. cxd5 Nxd5 9. O-O Be7 10. Ne5 Nc6 11. f4 Nxd4 12. Bxh7 Nxc3 13. bxc3 Nf5 14.
Bxf5 Qxd1 15. Rxd1 exf5 16. Bb2 O-O 17. Rd7 Bc5+ 18.
Kh1 Bc8 19. Rdd1 Be6 20. a4 Rad8 21. Nc6 Rxd1+ 22. Rxd1 a5 23. Nd4 Rd8 24. Re1 Bc4 25. Nxf5 Rd2 26. Bc1 Rc2 27. h4 Bd5 28. Rg1 Bxg1 0-1

[Event "Live Chess"]
[Site "Chess.com"]
[Date "2023.05.21"]
[Round "-"]
[White "rideuv21"]
[Black "AbilifyXL"]
[Result "0-1"]
[WhiteElo "1790"]
[BlackElo "1968"]
[TimeControl "300"]
[EndTime "5:31:56 PDT"]
[Termination "AbilifyXL won by resignation"]

1. e4 d5 2. d4 c6 3. exd5 cxd5 4.
c4 Nf6 5. Nc3 Nc6 6. Nf3 Bg4 7.
Be2 e6 8. O-O Be7 9. c5 O-O 10. h3 Bxf3 11. Bxf3 b6 12. Be3 bxc5 13. dxc5 Qa5 14. a3 Ne5 15. b4 Nxf3+ 16. Qxf3 Qc7 17.
Rfe1 Rfd8 18. Bf4 Qc6 19. Rac1 h6 20. h4 Rac8 21. Be3 d4 22. Qxc6 Rxc6 23. Na4 dxe3 24.
Rxe3 Nd5 25. Rd3 Rb8 26. Re1 Bxh4 27. g3 Bf6 28. f4 a5 29. bxa5 Ra8 30. Nb6 Rxa5 31.
Nxd5 exd5 32. Rxd5 Rcxc5 33. Rxc5 Rxc5 34. a4 Ra5 35.
Re4 g6 36. Kf2 h5 37. Kf3 Bc3 38. Ke3 Kg7 39. Kd3 Bf6 40. Kc2 Bd8 41. Kb3 Kf6 42. Re8 Bb6 43. Kb4 Ra7 44. Kb5 Bf2 45. a5 Bxg3 46.
a6 Bf2 47. Re2 Bg1 48. Re1 Bd4 49. Rd1 Be3 50. Rd3 Bxf4 51. Kb6 Rxa6+ 52. Kxa6 Kf5 53. Kb5 h4 54. Kc4 g5 55. Kd4 g4 56. Rd1 h3 57. Kd3 g3 58. Ke2 Kg4 59. Rd8 h2 60. Rg8+ Bg5 61. Rh8 Bh4 0-1

[Event "Live Chess"]
[Site "Chess.com"]
[Date "2023.05.21"]
[Round "-"]
[White "manthanit"]
[Black "Pablo_dmp"]
[Result "0-1"]
[WhiteElo "1094"]
[BlackElo "1875"]
[TimeControl "300"]
[EndTime "5:31:59 PDT"]
[Termination "Pablo_dmp won by checkmate"]

1. e4 c5 2. Nc3 g6 3. Bc4 Bg7 4.
b3 a6 5. Bb2 b5 6. Be2 Bb7 7. d3 Qa5 8. Qd2 Nc6 9. Nf3 Nh6 10. O-O O-O 11. Rab1 e6 12. h3 Nd4 13. Nxd4 cxd4 14. b4 Qxb4 15. Bc1 Qxc3 16. Qxc3 dxc3 17. Ba3 Rfd8 18. Be7 Re8 19. Bd6 Rac8 20. f4 f5 21.
e5 Nf7 22. Bb4 Bf8 23. Bxf8 Kxf8 24. a4 Bc6 25. axb5 Bxb5 26. Rfe1 d6 27. d4 dxe5 28. fxe5 Red8 29. Bxb5 axb5 30. Rxb5 Rxd4 31. Reb1 Rc7 32. Rb8+ Kg7 33. Kh2 Nxe5 34. Re8 Rd6 35. Rbb8 Kf6 36. Rh8 Kg5 37. g4 fxg4 38. hxg4 Nxg4+ 39. Kg3 h5 40. Rb5+ Rd5 41. Rb6 Re5 42. Rg8 Re3+ 43. Kg2 Rf7 44.
Rb5+ Rf5 45. Rb7 Rf2+ 46. Kg1 Re1# 0-1

[Event "Live Chess"]
[Site "Chess.com"]
[Date "2023.05.21"]
[Round "-"]
[White "seasidecastle27"]
[Black "Vitalii18a"]
[Result "1-0"]
[WhiteElo "1890"]
[BlackElo "1135"]
[TimeControl "300"]
[EndTime "5:32:02 PDT"]
[Termination "seasidecastle27 won by checkmate"]

1. d4 d5 2. Nf3 e6 3. Bf4 c5 4.
e3 c4 5. Nbd2 Bd6 6. Bg3 Nf6 7.
Be2 Bb4 8. c3 Ba5 9. Ne5 O-O 10.
f4 Ne4 11. Nxe4 dxe4 12. Bxc4 f6 13. Ng4 Nc6 14. O-O a6 15. f5 Kh8 16. fxe6 Qe7 17. d5 Ne5 18. d6 Qe8 19. d7 Bxd7 20. exd7 Nxd7 21. Bd6 Rf7 22. Qd5 b5 23. Bb3 Bb6 24.
Qxf7 Qxf7 25. Bxf7 Bxe3+ 26. Nxe3 Nb6 27. Rad1 h6 28. Bg6 Nc4 29. Nxc4 bxc4 30. Ba3 Kg8 31. Rd7 a5 32. Re1 f5 33. Bxf5 g6 34. Bxg6 e3 35. Rxe3 a4 36. Ree7 h5 37. Rg7+ Kh8 38. Rh7+ Kg8 39.
Rdg7# 1-0

[Event "Live Chess"]
[Site "Chess.com"]
[Date "2023.05.21"]
[Round "-"]
[White "AMCWAML"]
[Black "Doge_Dandolo"]
[Result "1-0"]
[WhiteElo "2325"]
[BlackElo "1909"]
[TimeControl "300"]
[EndTime "5:32:02 PDT"]
[Termination "AMCWAML won by resignation"]

1. Nf3 Nf6 2. c4 c5 3. g3 b6 4. Nc3 Bb7 5. Bg2 e6 6. O-O Be7 7. b3 a6 8. Bb2 d6 9. d4 cxd4 10. Qxd4 Qc7 11. Rfd1 O-O 12. Rac1 Rd8 13. h4 Nbd7 14.
h5 h6 15. g4 e5 16. Qd2 Nxg4 17. Nd5 Bxd5 18. cxd5 Qb8 19. Bh3 Ndf6 20. Rc6 b5 21. e3 Ne4 22. Bxg4 Nxd2 23. Rxd2 Bf6 24. e4 Bg5 25.
Rdc2 Bf4 26. Nh4 Qb6 27. Rxb6 1-0

[Event "Live Chess"]
[Site "Chess.com"]
[Date "2023.05.21"]
[Round "-"]
[White "davigator"]
[Black "Hacker_2009"]
[Result "1-0"]
[WhiteElo "2315"]
[BlackElo "1946"]
[TimeControl "300"]
[EndTime "5:32:02 PDT"]
[Termination "davigator won by resignation"]

1. e4 c5 2. Nf3 d6 3. d4 cxd4 4. Nxd4 Nf6 5. Nc3 a6 6. Bg5 e6 7. f4 Be7 8. Qf3 O-O 9. O-O-O Nc6 10. Nxc6 bxc6 11. e5 Nd5 12. Bxe7 Qxe7 13. Ne4 dxe5 14. fxe5 Bb7 15. c4 Nb4 16. a3 f5 17. exf6 gxf6 18.
axb4 f5 19. Nd6 Rab8 20. c5 Qh4 21. Bc4 1-0

[Event "Live Chess"]
[Site "Chess.com"]
[Date "2023.05.21"]
[Round "-"]
[White "Duke_of_Bebington"]
[Black "jbooth"]
[Result "0-1"]
[WhiteElo "1576"]
[BlackElo "1673"]
[TimeControl "300"]
[EndTime "5:32:07 PDT"]
[Termination "jbooth won by resignation"]

1. e4 d6 2. d4 Nf6 3. Nc3 Nbd7 4.
Nf3 e5 5. dxe5 dxe5 6. Bg5 c6 7. a3 Be7 8. Bxf6 Bxf6 9. Bc4 O-O 10. O-O Qc7 11.
Qe2 Nb6 12. Ba2 Bg4 13. h3 Bh5 14. Qe3 Rad8 15. Rad1 Bg6 16. Rd3 Rxd3 17. cxd3 Rd8 18. Rd1 Be7 19. Ne2 Kf8 20. d4 exd4 21. Nexd4 Nd7 22.
b4 Ne5 23. Nxe5 Qxe5 24. Bb1 f5 25. exf5 Qxe3 26. fxe3 Bf7 27. Bc2 Bf6 28. Ne6+ Bxe6 29. Rxd8+ Bxd8 30. fxe6 Ke7 31. Bxh7 Kxe6 32. e4 Ke5 33.
Kf1 Be7 34. Ke2 a5 35. bxa5 Bxa3 36. Kd3 Bb4 37. a6 bxa6 38. Kc4 Bd6 39. Kb3 a5 40. Bf5 Kd4 41. Ka4 Bb4 42. Bd7 c5 43. Bb5 Kxe4 44. Kb3 Kd4 45. Ka4 c4 46. g4 Be1 47. g5 c3 48. Kb3 Ke3 49. g6 Kd2 50. Ba4 c2 51.
Kb2 0-1

[Event "Live Chess"]
[Site "Chess.com"]
[Date "2023.05.21"]
[Round "-"]
[White "EdenHazard8"]
[Black "HoarseyHorsey"]
[Result "1-0"]
[WhiteElo "1937"]
[BlackElo "1483"]
[TimeControl "300"]
[EndTime "5:32:16 PDT"]
[Termination "EdenHazard8 won by resignation"]

1. e4 c5 2. Nc3 e6 3. f4 Nc6 4. Nf3 g6 5. Bb5 Bg7 6. Bxc6 bxc6 7. d3 Ne7 8. O-O O-O 9. Qe1 f6 10.
Qh4 d6 11. Be3 Rb8 12. e5 dxe5 13. fxe5 f5 14. Bxc5 Rf7 15. Ng5 h6 16. Nxf7 Kxf7 17. Bxe7 Qxe7 18. Qxe7+ Kxe7 19. d4 Rxb2 20. Rfc1 Ba6 21.
Rab1 Rxb1 22. Rxb1 Bc4 23. Rb2 Bd5 24. Nxd5+ cxd5 25. Rb7+ Kf8 26. Rxa7 1-0

[Event "Live Chess"]
[Site "Chess.com"]
[Date "2023.05.21"]
[Round "-"]
[White "JoshMcK"]
[Black "mattihelenius2"]
[Result "1-0"]
[WhiteElo "1573"]
[BlackElo "491"]
[TimeControl "300"]
[EndTime "5:32:52 PDT"]
[Termination "JoshMcK won by resignation"]

1. e4 e5 2. Nf3 d5 3. exd5 Qxd5 4.
Nc3 Qc5 5. d4 Qc6 6. Bb5 Ne7 7.
Nxe5 a6 8. Nxc6 Nexc6 9. Bxc6+ bxc6 10. O-O Bb4 11. Qe2+ Kd7 12. Qg4+ Ke8 13. Qxg7 1-0

[Event "Live Chess"]
[Site "Chess.com"]
[Date "2023.05.21"]
[Round "-"]
[White "WelshTiger"]
[Black "Berdgross"]
[Result "1-0"]
[WhiteElo "2300"]
[BlackElo "682"]
[TimeControl "300"]
[EndTime "5:32:53 PDT"]
[Termination "WelshTiger won by checkmate"]

1. e4 e5 2. Nf3 d5 3. exd5 Qxd5 4. Nc3 Qe6 5. b3 e4 6. Bc4 Qc6 7. Ne5 Qc5 8. Nxf7 Nf6 9. Nxh8 Ng4 10. O-O Qd6 11.
g3 Qh6 12. h4 Nc6 13. d4 exd3 14. Bxh6 Nxh6 15. Re1+ Be7 16. Qxd3 Bf5 17. Qe3 O-O-O 18. Nd5 Bb4 19. Nxb4 Nxb4 20. Rad1 Rxd1 21. Rxd1 Nxc2 22.
Qe8# 1-0

[Event "Live Chess"]
[Site "Chess.com"]
[Date "2023.05.21"]
[Round "-"]
[White "OleksiyJr1"]
[Black "Brooms1989"]
[Result "0-1"]
[WhiteElo "1024"]
[BlackElo "1165"]
[TimeControl "300"]
[EndTime "5:33:07 PDT"]
[Termination "Brooms1989 won by resignation"]

1. e4 e5 2. Nf3 Nc6 3. Bc4 Nf6 4. Nc3 Bc5 5. d3 h6 6. O-O O-O 7. h3 d6 8. Nd5 Nxd5 9. Bxd5 Ne7 10. c4 Nxd5 11.
cxd5 c6 12. dxc6 bxc6 13. Re1 Be6 14. Be3 Bxe3 15. Rxe3 Rb8 16. b3 f5 17. Rc1 f4 18.
Re2 c5 19. Nd2 Qg5 20. Nc4 Bxh3 21. Kf1 Qxg2+ 0-1

[Event "Live Chess"]
[Site "Chess.com"]
[Date "2023.05.21"]
[Round "-"]
[White "Ferrarifan27"]
[Black "chessfiction"]
[Result "0-1"]
[WhiteElo "2057"]
[BlackElo "2307"]
[TimeControl "300"]
[EndTime "5:33:08 PDT"]
[Termination "chessfiction won by checkmate"]

1. e4 d6 2. d4 Nf6 3. Nc3 c6 4.
Nf3 Bg4 5. Be2 Nbd7 6. h3 Bh5 7.
O-O e5 8. dxe5 dxe5 9. Bg5 Qc7 10. Qd3 O-O-O 11. Qe3 Bc5 12. Qc1 h6 13. Bh4 g5 14.
Bg3 g4 15. hxg4 Bxg4 16. Nh2 Bxe2 17. Nxe2 Rdg8 18. b4 Bb6 19. c4 c5 20. Qc2 cxb4 21. Rab1 Nc5 22. Rxb4 Nfxe4 23. Bh4 Rg6 24. Nc3 Nxc3 25.
Qxc3 Rhg8 26. g3 Ne4 27. Qf3 Nxg3 28. Rxb6 Nxf1+ 29. Kxf1 Rg1+ 30. Ke2 Qxc4+ 31. Ke3 Re1+ 32. Qe2 Rxe2+ 33. Kf3 Qe4# 0-1

[Event "Live Chess"]
[Site "Chess.com"]
[Date "2023.05.21"]
[Round "-"]
[White "diana21strabt"]
[Black "JanMur7"]
[Result "1/2-1/2"]
[WhiteElo "1753"]
[BlackElo "1952"]
[TimeControl "300"]
[EndTime "5:33:45 PDT"]
[Termination "Game drawn by repetition"]

1. e4 e5 2. Nf3 Nc6 3. d4 exd4 4.
Bc4 Nf6 5. O-O Bb4 6. e5 Ne4 7.
Qe2 Nc5 8. a3 Ba5 9. b4 Bb6 10.
bxc5 Bxc5 11. Bb2 O-O 12. Nbd2 d6 13. exd6 Qxd6 14. Ne4 Qe7 15. Nxc5 Qxc5 16. Bd3 g6 17. Qe4 Bf5 18. Qe2 Bxd3 19. Qxd3 Rad8 20. Rad1 Rfe8 21. Rfe1 Rxe1+ 22. Rxe1 Qd6 23. h3 Qd5 24. Rd1 Qh5 25.
Qe4 Qb5 26. Bxd4 Nxd4 27. Rxd4 Rxd4 28. Nxd4 Qd7 29. c3 c6 30. Qf4 a6 31. Qb8+ Kg7 32.
Qe5+ Kg8 33. Kh2 h5 34. Qg3 Qe7 35. c4 Qc5 36. Qd3 Qe5+ 37. g3 Qf6 38. Kg2 Qd6 39.
Qe3 Kg7 40. Nf3 Kh7 41. Ng5+ Kg7 42. f4 Qd7 43. Qc3+ Kg8 44. Ne4 Qe7 45. Nf6+ Kf8 46. Nh7+ Kg8 47. Nf6+ Kf8 48. Nh7+ Kg8 49. Nf6+ 1/2-1/2

[Event "Live Chess"]
[Site "Chess.com"]
[Date "2023.05.21"]
[Round "-"]
[White "LiamBellwood"]
[Black "grillage"]
[Result "1-0"]
[WhiteElo "1920"]
[BlackElo "1796"]
[TimeControl "300"]
[EndTime "5:34:04 PDT"]
[Termination "LiamBellwood won by resignation"]

1. d4 Nf6 2. Nc3 d5 3. Bf4 c5 4.
e4 Nxe4 5. Nxe4 dxe4 6. dxc5 Qa5+ 7. c3 Qxc5 8. Qa4+ Nc6 9. Qxe4 g6 10. Be3 Qe5 11. Qxe5 Nxe5 12. Bd4 f6 13. Bb5+ Nc6 14.
O-O-O e5 15. Be3 Bf5 16. Ne2 a6 17. Bc4 b5 18. Bd5 Rc8 19. Ng3 Bd7 20. Ne4 Be7 21. Nc5 Bxc5 22. Bxc5 b4 23. Bxc6 Bxc6 24. Bxb4 Bxg2 25.
Rhg1 Bf3 26. Rd6 Kf7 27. Rxa6 Rhd8 28. Ra7+ Kg8 29. Be7 Rd3 30. Bxf6 e4 31. Rg7+ Kf8 32. Rxh7 Rc6 33. Rxg6 Rcd6 34. Be7+ 1-0

[Event "Live Chess"]
[Site "Chess.com"]
[Date "2023.05.21"]
[Round "-"]
[White "TheSmoulderingMaster"]
[Black "garyjc"]
[Result "1-0"]
[WhiteElo "1640"]
[BlackElo "1040"]
[TimeControl "300"]
[EndTime "5:34:12 PDT"]
[Termination "TheSmoulderingMaster won by resignation"]

1. e4 c5 2. Nf3 a6 3. d4 cxd4 4. Nxd4 e5 5. Nf5 b5 6. Nc3 Bb4 7. Nxg7+ Kf8 8. Nf5 Ne7 9. Bh6+ Ke8 10. Qd6 Nxf5 11.
Qxb4 Nc6 12. Qc5 Nfd4 13. O-O-O Bb7 14. Bg7 Rg8 15. Bxe5 Nxe5 16. Qxe5+ Ne6 17. f4 Qc7 18. Rd6 Kf8 19. Rxe6 Qxe5 20. Rxe5 Rc8 21. g3 d6 22. Rf5 Rg6 23. Bh3 b4 24. Nd5 Bxd5 25. Rxd5 a5 26.
Rxa5 Rc4 27. Re1 Re6 28. Bxe6 1-0

[Event "Live Chess"]
[Site "Chess.com"]
[Date "2023.05.21"]
[Round "-"]
[White "martynstanley"]
[Black "GMHarry-youtube"]
[Result "1/2-1/2"]
[WhiteElo "1017"]
[BlackElo "2024"]
[TimeControl "300"]
[EndTime "5:35:11 PDT"]
[Termination "Game drawn by stalemate"]

1. d4 Nf6 2. e3 g6 3. Bd3 Bg7 4. f4 O-O 5. Nf3 d5 6. O-O c5 7. Ne5 c4 8. Be2 Nfd7 9. c3 f6 10. Nxg6 hxg6 11. Rf3 e5 12. Rg3 Kf7 13. fxe5 fxe5 14.
Rf3+ Ke8 15. Rxf8+ Kxf8 16. Qf1+ Qf6 17. Qxf6+ Bxf6 18. dxe5 Nxe5 19. Nd2 Nbc6 20. Nf3 Nxf3+ 21. gxf3 Be6 22.
Kf2 Ke7 23. Bd2 Rh8 24. Rh1 Be5 25. f4 Bf6 26. Bf1 Bh3 27. Bxh3 Rxh3 28. Kg2 Rh5 29. h3 Kf7 30. Kg3 Ne7 31. Kg4 Nf5 32. b3 b5 33.
b4 Nh6+ 34. Kg3 g5 35. fxg5 Rxg5+ 36. Kf3 Rh5 37. Rh2 Nf5 38. Rg2 Rxh3+ 39. Ke2 Bh4 40. a3 Ng3+ 41. Kf3 Ne4+ 42. Kf4 Bg5+ 43. Ke5 Nxd2 44. Kxd5 Rxe3 45. Rxg5 Rxc3 46. Kc5 Rxa3 47. Kxb5 c3 48. Rf5+ Ke6 49. Rc5 Ne4 50. Rc4 Nd6+ 51. Kc5 Nxc4 52. Kxc4 c2 53. Kb5 c1=Q 1/2-1/2

[Event "Live Chess"]
[Site "Chess.com"]
[Date "2023.05.21"]
[Round "-"]
[White "Anirudh_23"]
[Black "viktorskliarov"]
[Result "0-1"]
[WhiteElo "1890"]
[BlackElo "2649"]
[TimeControl "300"]
[EndTime "5:35:24 PDT"]
[Termination "viktorskliarov won by resignation"]

1. Nf3 c5 2. g3 Nc6 3. Bg2 g6 4. O-O Bg7 5. c4 Nf6 6. Nc3 O-O 7.
d4 cxd4 8. Nxd4 Nxd4 9. Qxd4 d6 10. Rd1 Qa5 11. Qd3 Bf5 12. e4 Bg4 13. f3 Be6 14. Be3 Rfc8 15. Nd5 Nxd5 16. cxd5 Bd7 17. Bd4 Bb5 18. Qd2 Qxd2 19. Rxd2 Bxd4+ 20. Rxd4 Rc2 21. Rb4 Ba6 22. Bh3 Rd8 23. Re1 Kg7 24. f4 Kf6 25.
e5+ dxe5 26. fxe5+ Kg7 27. e6 f5 28. Re5 Kf6 0-1

[Event "Live Chess"]
[Site "Chess.com"]
[Date "2023.05.21"]
[Round "-"]
[White "Alfiedog12"]
[Black "mliszewski"]
[Result "0-1"]
[WhiteElo "939"]
[BlackElo "1808"]
[TimeControl "300"]
[EndTime "5:35:28 PDT"]
[Termination "mliszewski won on time"]

1. d4 d5 2. Bf4 c6 3. e3 Qb6 4.
Qc1 Nf6 5. c3 Bf5 6. Nd2 e6 7.
Ngf3 c5 8. dxc5 Bxc5 9. Nb3 Bd6 10.
Bg3 O-O 11. Be2 Ne4 12. Nbd4 Bg6 13. Bxd6 Qxd6 14. O-O a6 15. Bd3 Nd7 16. Qc2 Ne5 17. Nxe5 Qxe5 18. f4 Qh5 19. Be2 Qh6 20. f5 Qxe3+ 21. Kh1 Nf2+ 22. Rxf2 Bxf5 23. Nxf5 Qxf2 24. Rf1 Qb6 25. Ne7+ Kh8 26. Rf3 Qd6 27. Rh3 f5 28.
Ng6+ Kg8 29. Nxf8 Rxf8 30. Qd2 e5 31. Qg5 d4 32. Rg3 Rf7 33. Bc4 Qf6 34. Bxf7+ Kxf7 35. Qh5+ Ke6 36. Qxh7 dxc3 37. Qg8+ Kd6 38. Rd3+ Kc6 39. Qd5+ Kb6 40. Qd8+ Qxd8 41. Rxd8 e4 0-1

[Event "Live Chess"]
[Site "Chess.com"]
[Date "2023.05.21"]
[Round "-"]
[White "ChessTWSS"]
[Black "LiamClery2020"]
[Result "0-1"]
[WhiteElo "1601"]
[BlackElo "1990"]
[TimeControl "300"]
[EndTime "5:35:29 PDT"]
[Termination "LiamClery2020 won by checkmate"]

1. d4 Nf6 2. Bf4 d6 3. Nf3 Nc6 4. e3 Bg4 5. Bb5 e6 6. h3 Bxf3 7. Qxf3 d5 8. Bg5 Be7 9. Nc3 O-O 10. Bxc6 bxc6 11. Bxf6 Bxf6 12. O-O Rb8 13. Na4 Qd6 14. b3 e5 15. Rfd1 exd4 16. exd4 Rfe8 17. c4 Re4 18.
cxd5 cxd5 19. Nc5 Rxd4 20. Rxd4 Bxd4 21. Rc1 Bxc5 22. Qc3 Bb6 23. Qc6 Qxc6 24. Rxc6 Re8 25. a4 d4 26. Rc1 Ba5 27. Rd1 Re1+ 28. Rxe1 Bxe1 29. Kf1 Bc3 30. Ke2 Kf8 31. Kd3 Ke7 32.
f4 Kd6 33. g4 g6 34. h4 f5 35. gxf5 gxf5 36. h5 h6 37. Kc4 a6 38. b4 Bxb4 39. Kxb4 Kd5 40. Kb3 Ke4 41. Kc2 Ke3 42. Kd1 Kd3 43. Kc1 Ke2 44. Kc2 d3+ 45. Kc3 d2 46. Kc4 d1=Q 47. Kc5 Qxa4 48. Kd5 Qb5+ 49. Ke6 a5 50. Ke7 a4 51. Kd8 a3 52.
Kxc7 a2 53. Kd8 a1=Q 54. Ke7 Qb7+ 55. Ke6 Qaa6+ 56. Kxf5 Qbb5+ 57. Kg4 Qe6+ 58. f5 Qbxf5+ 59. Kh4 Qh3# 0-1